 Dungeon Crawl Stone Soup version 0.27.1-34-g3ba077fa99 (webtiles) character file.

Game seed: 13549303430189686088

4 cbfl8 the Sneak (level 1, -4/20 HPs)
             Began as a Minotaur Delver on Jan 20, 2022.
             Slain by Sigmund (6 damage)
             ... on level 5 of the Dungeon.
             The game lasted 00:00:53 (394 turns).

cbfl8 the Sneak (Minotaur Delver)                    Turns: 394, Time: 00:00:54

Health: -4/20      AC: 10    Str: 16    XL:     1   Next: 50%
Magic:  0/0        EV:  4    Int:  7    God:
Gold:   9          SH:  0    Dex: 11    Spells: 0/0 levels left

rFire    . . .     SeeInvis .   a - +0 hand axe
rCold    . . .     Faith    .   (no shield)
rNeg     . . .     Spirit   .   h - +0 plate armour
rPois    .         Reflect  .   (helmet restricted)
rElec    .         Harm     .   (no cloak)
rCorr    .         Rampage  .   (no gloves)
Will     .....                  (no boots)
Stlth    ..........             (no amulet)
HPRegen  0.06/turn              (no ring)
MPRegen  0.07/turn              (no ring)

@: no status effects
A: horns 2, retaliatory headbutt
a: no special abilities


You were on level 5 of the Dungeon.
You visited 1 branch of the dungeon, and saw 2 of its levels.

You collected 9 gold pieces.

Inventory:

Hand Weapons
 a - a +0 hand axe (weapon)
Armour
 b - a +0 leather armour
 h - a +0 plate armour (worn)
Wands
 g - a wand of digging (3)
Scrolls
 c - a scroll of fog
 d - a scroll of magic mapping
 e - 2 scrolls of fear


   Skills:
 + Level 3.8 Fighting
 + Level 2.4 Axes
 + Level 2.2 Dodging
 + Level 4.2 Stealth


You couldn't memorise any spells.
You didn't know any spells.
Your spell library contained the following spells:

 Spells                   Type           Power      Damage    Failure   Level
 Sublimation of Blood     Necr           0%         N/A       100%        2
 Wereblood                Tmut           0%         N/A       100%        2
 Summon Hydra             Summ           0%         N/A       100%        7


Dungeon Overview and Level Annotations

Branches:
Dungeon (5/15)
 Temple: D:4-7

Altars:

Annotations:
D:5 Sigmund


Innate Abilities, Weirdness & Mutations

You have a pair of horns on your head.
You reflexively headbutt those who attack you in melee.


Message History

Reactivating autopickup.
You start resting.
Your extra speed is starting to run out.
You start resting.
You feel yourself slow down.
You start resting.
HP restored.
Found 11 bolts.
You see here 11 bolts.
You open the door.
There is an open door here.
You open the door.
Sigmund the Dreaded comes into view.
He is wielding a +0 scythe.
Found 21 sling bullets.
You close the door.
Sigmund hits you with a +0 scythe.
Sigmund gestures wildly while chanting.
Sigmund flickers and vanishes!
Deactivating autopickup; reactivate with Ctrl-A.
You are confused.
A puff of flame appears from out of thin air!
The puff of flame hits you.
You hear some strange, mumbled words.
A puff of flame appears from out of thin air!
The puff of flame hits you.
You bump into the rock wall.
Something hits you!
* * * LOW HITPOINT WARNING * * *
You're too confused to move!
Something hits you but does no damage.
You bump into the rock wall.
You feel less confused.
The iguana hisses angrily.
Something hits you.
* * * LOW HITPOINT WARNING * * *
There is an open door here.
You see here 11 bolts.
The iguana bites you but does no damage.
The iguana bites you.
* * * LOW HITPOINT WARNING * * *
Something hits you.
You die...

#?.......#.....#.....#
#........#.....##...##
#........#.....# ...#
.. ....#.....# ..... #
#. #..##....# .......
##.###.###..##....#
.......
#.................#
...##..
#.................#
...# ..
##..##.l##....@l..#
#..##........# ..
+...#........+ .>.
#...#........# #...
##+######..###
#...##..# #..#
........# .....
........# ......
#...##(.#


You could see an iguana.

Vanquished Creatures
  2 orcs (D:4)
2 creatures vanquished.

Notes
Turn   | Place    | Note
-------+----------+-------------------------------------------
     0 | D:5      | cbfl8 the Minotaur Delver began the quest for the Orb.
     0 | D:5      | Reached XP level 1. HP: 19/19 MP: 0/0
    10 | D:5      | Noticed an iguana
    47 | D:4      | Noticed an orc wizard
   356 | D:5      | Noticed Sigmund
   394 | D:5      | Slain by Sigmund

Illustrated notes

Levels and vault maps discovered:
D:4:      layout_loops_ring, mainiacjoe_overflow_surrounded_room,
          minmay_temple_entry_overgrown
D:5:      layout_gridville, minmay_ogre_servants, uniq_edmund, uniq_grinder,
          uniq_crazy_yiuf_cottage, uniq_sigmund

Action                   || total
-------------------------++-------
Melee: Hand axe          ||     7
  Use: Potion            ||     1
Armor: Plate armour      ||    12
Dodge: Dodged            ||     2
